 Dungeon Crawl Stone Soup version 0.30-a0-365-ge7f957f1db (webtiles) character file.

Game seed: 8005064020326069588

1 funkygono the Firebug (level 1, -3/13 HPs)
             Began as a Demonspawn Fire Elementalist on Nov 16, 2022.
             Slain by a gnoll
             ... wielding a +0 club
              (7 damage)
             ... on level 1 of the Dungeon.
             The game lasted 00:00:15 (73 turns).

funkygono the Firebug (Demonspawn Fire Elementalist)  Turns: 73, Time: 00:00:16

Health: -3/13      AC:  2    Str:  8    XL:     1   Next: 16%
Magic:  1/3        EV: 12    Int: 16    God:
Gold:   15         SH:  0    Dex: 13    Spells: 3/4 levels left

rFire   . . .      SeeInvis .    (no weapon)
rCold   . . .      Faith    .    (no shield)
rNeg    . . .      Spirit   .    a - +0 robe
rPois   .          Reflect  .    (no helmet)
rElec   .          Harm     .    (no cloak)
rCorr   .          Rampage  .    (no gloves)
Will    .....                    (no boots)
Stlth   ++........               (no amulet)
HPRegen 0.22/turn                (no ring)
MPRegen 0.08/turn                (no ring)

@: no status effects
A: no striking features
a: no special abilities


You were on level 1 of the Dungeon.
You visited 1 branch of the dungeon, and saw 1 of its levels.

You collected 15 gold pieces.

Inventory:

Armour
 a - a +0 robe (worn)
Scrolls
 c - a scroll of amnesia {unknown}
 e - a scroll of identify {unknown}
Potions
 b - a potion of magic
 d - a potion of attraction {unknown}


   Skills:
 + Level 1.7 Dodging
 - Level 1.7 Stealth
 + Level 2.0 Spellcasting
 + Level 1.1 Conjurations
 + Level 2.6 Fire Magic


You had 3 spell levels left.
You knew the following spells:

 Your Spells              Type           Power      Damage    Failure   Level
a - Foxfire               Conj/Fire      28%        2x1d5     10%         1

Your spell library contained the following spells:

 Spells                   Type           Power      Damage    Failure   Level
 Scorch                   Fire           20%        2d6       11%         2
 Inner Flame              Hex/Fire       5%         N/A       34%         3
 Kindle Blastsparks       Fire/Tloc/Air  8%         2d10      41%         3
 Flame Wave               Conj/Fire      7%         2d5       67%         4


Dungeon Overview and Level Annotations

Branches:
Dungeon (1/15)

Altars:


Message History

Casting: Foxfire (safe; 10% risk of failure)
Confirm with . or Enter, or press ? or * to list all spells.
Okay, then.
The foxfire hits the gnoll.
The gnoll is moderately wounded.
The bat closely misses you.
Casting: Foxfire (safe; 10% risk of failure)
Confirm with . or Enter, or press ? or * to list all spells.
You conjure some foxfire!
The bat misses you. The gnoll closely misses you.
Unknown command.
The foxfire hits the gnoll.
The gnoll is heavily wounded.
The foxfire hits the gnoll but does no damage.
The gnoll is heavily wounded.
The bat hits you but does no damage. The gnoll barely misses you.
The gnoll attacks as you move away! The gnoll hits you with a +0 club.
The bat hits you. The bat barely misses you. The bat barely misses you.
The kobold throws a stone.
The stone hits you. The bat hits you but does no damage.
The bat barely misses you.
Casting: Foxfire (safe; 10% risk of failure)
Confirm with . or Enter, or press ? or * to list all spells.
You conjure some foxfire!
The bat misses you.
Unknown command.
The foxfire hits the gnoll.
The gnoll is severely wounded.
The foxfire hits the gnoll.
The gnoll is almost dead.
The gnoll attacks as you move away! The gnoll hits you with a +0 club.
The gnoll misses you. The gnoll attacks as you move away!
The gnoll completely misses you. The gnoll attacks as you move away!
The gnoll hits you with a +0 club.
There is an open door here.
The gnoll closely misses you.
You barely miss the bat. The bat barely misses you.
The gnoll hits you with a +0 club. The bat barely misses you.
The gnoll hits you with a +0 club!
Ouch! That really hurt!
You die...

...##......###. #.
...#........
####.###†#........
#<#...............
#.# ##............
#.# #.##b........
#.####J###........
##.##...#
#........
##g@#.K###
#....####
##..K#.## #....#
#.b..J.# #....+
#..8..### ####.#
##....# .# ##...#
##..# ##.# ..#


You could see a gnoll, an endoplasm, a bat and a kobold.

Vanquished Creatures
  2 ball pythons (D:1)
2 creatures vanquished.

Vanquished Creatures (others)
  9 foxfires (D:1)
9 creatures vanquished.

Grand Total: 11 creatures vanquished

Notes
Turn   | Place    | Note
-------+----------+-------------------------------------------
     0 | D:1      | funkygono the Demonspawn Fire Elementalist began the quest
                  | for the Orb.
     0 | D:1      | Reached XP level 1. HP: 13/13 MP: 3/3
    73 | D:1      | Slain by a gnoll

Illustrated notes

Levels and vault maps discovered:
D:1:      amcnicky_arrival_feature_with_door, layout_basic, serial_shops,
          nicolae_shop_temple_entry_statues_fountains, st_stairs_9,
          minmay_misc_feat_room

Action                   || total
-------------------------++-------
Melee: Unarmed           ||     1
 Cast: Foxfire           ||     5
Armor: Robe              ||     3
Dodge: Dodged            ||    13

Table legend: (Time is in decaauts)
 A = Elapsed time spent in this place.
 B = Non-inter-level travel time spent in this place.
 C = Inter-level travel time spent in this place.
 D = Time resting spent in this place.
 E = Time spent auto-exploring this place.
 F = Levels seen in this place.
 G = Mean time per level.
                   A        B        C        D        E       F      G
               +--------+--------+--------+--------+--------+-----+--------+
         Total |     73 |     73 |      0 |      0 |     39 |   1 |   73.0 |
       Dungeon |     73 |     73 |      0 |      0 |     39 |   1 |   73.0 |
               +--------+--------+--------+--------+--------+-----+--------+

Top non-repeatable levels by time:
     D:1: 73 daAuts
